 Dungeon Crawl Stone Soup version 0.31-a0-983-g7b6862f502 (webtiles) character file.

Game seed: 4445788807047419615

65 croobank the Ruffian (level 3, -7/29 HPs)
             Began as a Demigod Shapeshifter on Nov 2, 2023.
             Killed from afar by Ijyb (12 damage)
             ... with an iceblast
             ... on level 3 of the Dungeon.
             The game lasted 00:14:54 (1763 turns).

croobank the Ruffian (Demigod Shapeshifter)         Turns: 1763, Time: 00:14:54

Health: -7/29      AC:  2    Str: 15    XL:     3   Next: 67%
Magic:  5/5        EV: 12    Int: 16    God:
Gold:   106        SH:  0    Dex: 13    Spells: 2/2 levels left

rFire   . .          .
                       - Unarmed
rCold   . . .        (no shield)
rNeg    . . .        a - +0 animal skin
rPois   .            (helmet currently unavailable)
rElec   .            (cloak currently unavailable)
rCorr   .            (gloves currently unavailable)
SInv    .            (boots currently unavailable)
Will    .....        (no amulet)
Stlth   +            (no ring)
HPRegen 0.24/turn    (no ring)
MPRegen 0.09/turn

%: no passive effects
@: beast-form
A: beast (slay +1), high MP 1, forlorn, divine attributes
a: Begin Untransformation


You were on level 3 of the Dungeon.
You were a hulking beast.
You visited 1 branch of the dungeon, and saw 3 of its levels.

You collected 106 gold pieces.

Inventory:

Hand Weapons
 q - a +0 dagger
 r - a +0 rapier
Armour
 a - a +0 animal skin (worn)
 o - a +0 ring mail
Magical Staves
 s - a staff of poison
Talismans
 c - a beast talisman
 d - a flux talisman
 u - a maw talisman
Scrolls
 f - 2 scrolls of identify
 l - a scroll of vulnerability {unknown}
 m - a scroll of fog {unknown}
 n - a scroll of teleportation {unknown}
 p - a scroll of torment {unknown}
Potions
 b - 2 potions of lignification
 e - a potion of enlightenment
 g - a potion of cancellation {unknown}
 h - 2 potions of mutation {unknown}
 i - a potion of haste {unknown}
 j - a potion of berserk rage {unknown}
 k - a potion of might {unknown}


   Skills:
 + Level 1.8 Fighting
 + Level 2.4 Dodging
 + Level 0.2 Stealth
 + Level 3.2 Unarmed Combat
 + Level 3.1 Shapeshifting


You had 2 spell levels left.
You didn't know any spells.
Your spell library was empty.

Dungeon Overview and Level Annotations

Branches:
Dungeon (3/15)

Shops:
D:3 *

Annotations:
D:3 Ijyb


Innate Abilities, Weirdness & Mutations

You are a hulking beast.
Your limbs bulge with bestial killing power. (Slay +1)
You have an increased reservoir of magic. (+10% MP)
You shall have no god before yourself.
Your divine heritage dramatically boosts your attributes as you level up.


Message History

Found a stone staircase leading up.
A bat comes into view.
The helpless bat fails to defend itself.
You hit the bat.
The bat is moderately wounded.
The bat hits you but does no damage. The bat hits you but does no damage.
You hit the bat.
You kill the bat!
Found a stone staircase leading down.
Found a maw talisman.
You see here a maw talisman.
u - a maw talisman Ijyb the Twisted Goblin comes into view.
She is wielding a +0 club and carrying a wand of iceblast.
Found a ring mail.
Ijyb shouts!
Ijyb zaps a wand.
The mass of ice explodes!
The iceblast engulfs you!
Ouch! That really hurt!
You hear a shout! x2
Throw: 3 darts (poison)
Press: ? - help, Q - select action Shift-Dir - straight line, f - Ijyb
Aim: Ijyb, wielding a +0 club, wearing a +0 ring mail and carrying a wand of iceblast (52% to hit)
You throw a poisoned dart. The poisoned dart hits Ijyb.
Ijyb screams, "I no like you!"
Throw: 2 darts (poison)
Press: ? - help, Q - select action Shift-Dir - straight line, f/p - Ijyb
Aim: Ijyb, wielding a +0 club, wearing a +0 ring mail and carrying a wand of iceblast (52% to hit)
You throw a poisoned dart. The poisoned dart hits Ijyb.
Ijyb is poisoned.
As you read the scroll labelled ACUIPE DEZXO, it crumbles to dust.
It is a scroll of identify.
e - a potion of enlightenment Ijyb zaps a wand.
The mass of ice explodes!
The iceblast engulfs you!
* * * LOW HITPOINT WARNING * * *
Throw: dart (poison)
Press: ? - help, Q - select action Shift-Dir - straight line, f/p - Ijyb
Aim: Ijyb, wielding a +0 club, wearing a +0 ring mail and carrying a wand of iceblast (lightly wounded, poisoned, 52% to hit)
You throw a poisoned dart. The poisoned dart hits Ijyb.
Ijyb looks even sicker.
Ijyb is lightly wounded.
Ijyb zaps a wand.
The mass of ice explodes!
The iceblast engulfs you!
You die...

..# ..# #.......# ..#
....[..# ### ...(..#
..(..# ..g.# ...#######
...##
.............###...##
.......#####....h...#
.......# #.............
.......####.#####+######
.......##...#
............#
......>.....#
............#
.....###....+
.##.........#


You could see Ijyb (very poisoned).

Vanquished Creatures
  2 adders (D:2)
  2 dart slugs
  4 endoplasms
  2 giant cockroaches (D:1)
  3 hobgoblins (D:2)
  A quokka (D:1)
  5 ball pythons
  9 bats
  5 frilled lizards
  3 goblins
  6 rats
42 creatures vanquished.

Notes
Turn   | Place    | Note
-------+----------+-------------------------------------------
     0 | D:1      | croobank the Demigod Shapeshifter began the quest for the
                  | Orb.
     0 | D:1      | Reached XP level 1. HP: 15/15 MP: 3/3
    66 | D:1      | You fall into a shaft and drop 1 floor!
   163 | D:2      | Reached skill level 1 in Fighting
   306 | D:1      | Reached XP level 2. HP: 15/23 MP: 4/4
  1031 | D:2      | Reached XP level 3. HP: 5/28 MP: 5/5
  1223 | D:2      | Noticed a glass eye
  1311 | D:2      | Noticed a golden eye
  1327 | D:2      | Noticed a glass eye
  1362 | D:2      | Noticed a shining eye
  1712 | D:3      | Found Ohunugh's General Store.
  1759 | D:3      | Noticed Ijyb
  1763 | D:3      | Killed from afar by Ijyb

Illustrated notes

Levels and vault maps discovered:
D:1:      dpeg_arrival_round_a, layout_rooms, glass_columns_c, minmay_cut_off
D:2:      layout_loops_corners, hellmonk_ecumenical_altar_watching_god
D:3:      layout_rooms, serial_shops, nicolae_shop_just_a_little_nook,
          minmay_quadrilaterals, uniq_ijyb

Skill      XL: |  1  2 |
---------------+-------+-----
Fighting       | 1 |  1.8
Dodging        | 2 |  2.4
Unarmed Combat | 3 |  3.2
Shapeshifting  | 3 |  3.1
Stealth        | |  0.2

Action                     || total
---------------------------++-------
  Melee: Unarmed           ||   121
         Punch             ||     1
  Throw: Dart              ||     3
    Use: Scroll            ||     1
   Stab: Sleeping          ||     3
 Armour: Animal skin       ||    59
  Dodge: Dodged            ||    58

Table legend: (Time is in decaauts)
 A = Elapsed time spent in this place.
 B = Non-inter-level travel time spent in this place.
 C = Inter-level travel time spent in this place.
 D = Time resting spent in this place.
 E = Time spent auto-exploring this place.
 F = Levels seen in this place.
 G = Mean time per level.
                   A        B        C        D        E       F      G
               +--------+--------+--------+--------+--------+-----+--------+
         Total |   1757 |   1717 |     40 |    265 |   1019 |   3 |  585.7 |
       Dungeon |   1757 |   1717 |     40 |    265 |   1019 |   3 |  585.7 |
               +--------+--------+--------+--------+--------+-----+--------+

Top non-repeatable levels by time:
     D:2: 1022 daAuts
     D:1: 633 daAuts
     D:3: 101 daAuts
